 Dungeon Crawl Stone Soup version 0.30-a0-219-gf2db51d15e (webtiles) character file.

Game seed: 7264196626522269307

67 funkygono the Digger (level 4, -1/24 HPs)
             Began as a Gargoyle Earth Elementalist on Oct 6, 2022.
             Slain by a gnoll
             ... wielding a +2 whip of distortion
              (3 damage)
             ... on level 3 of the Dungeon.
             The game lasted 00:02:44 (2231 turns).

funkygono the Digger (Gargoyle Earth Elementalist)  Turns: 2231, Time: 00:02:46

Health: -1/24      AC:  5    Str: 11    XL:     4   Next: 16%
Magic:  1/8        EV: 16    Int: 18    God:
Gold:   98         SH:  0    Dex: 10    Spells: 2/8 levels left

rFire   . . .      SeeInvis .    q - +1 mace (drain)
rCold   . . .      Faith    .    (no shield)
rNeg    + . .      Spirit   .    a - +0 robe
rPois   ∞          Reflect  .    (no helmet)
rElec   +          Harm     .    (no cloak)
rCorr   .          Rampage  .    (no gloves)
Will    .....                    (no boots)
Stlth   ++........               (no amulet)
HPRegen 0.24/turn                d - +4 ring of evasion
MPRegen 0.11/turn                i - +4 ring of slaying

@: no status effects
A: sickness immunity, AC +3, negative energy resistance 1, electricity
resistance, torment resistance 1, petrification resistance
a: no special abilities


You were on level 3 of the Dungeon.
You visited 1 branch of the dungeon, and saw 3 of its levels.

You collected 98 gold pieces.

Inventory:

Hand Weapons
 q - a +1 mace of draining (weapon)
Armour
 a - a +0 robe (worn)
Jewellery
 d - a +4 ring of evasion (left hand)
 i - a +4 ring of slaying (right hand)
Wands
 e - a wand of paralysis (4)
Scrolls
 c - a scroll of silence {unknown}
 f - a scroll of fog {unknown}
 g - a scroll of teleportation {unknown}
 j - 2 scrolls of amnesia {unknown}
 l - a scroll of identify {unknown}
 m - a scroll of blinking {unknown}
 o - a scroll of vulnerability {unknown}
Potions
 b - a potion of magic
 h - a potion of curing
 k - a potion of berserk rage {unknown}
 n - a potion of flight {unknown}
 p - a potion of brilliance {unknown}


   Skills:
 + Level 1.7 Dodging
 - Level 2.1 Stealth
 + Level 2.8 Spellcasting
 * Level 1.0 Conjurations
 + Level 0.7 Transmutations
 + Level 4.8 Earth Magic


You had 2 spell levels left.
You knew the following spells:

 Your Spells              Type           Power      Damage    Failure   Level
a - Sandblast             Erth           40%        2d10      2%          1
b - Passwall              Tmut/Erth      10%        N/A       8%          2
c - Stone Arrow           Conj/Erth      26%        3d8       16%         3

Your spell library contained the following spells:

 Spells                   Type           Power      Damage    Failure   Level
 Petrify                  Tmut/Erth      12%        N/A       45%         4
 Animate Dead             Necr           2%         N/A       86%         4
 Haunt                    Necr/Summ      1%         N/A       100%        7
 Infestation              Necr           1%         N/A       100%        8


Dungeon Overview and Level Annotations

Branches:
Dungeon (3/15)

Altars:


Innate Abilities, Weirdness & Mutations

You are immune to sickness and miasma.
Your stone body is resilient. (AC +3)
You are immune to poison.
You resist negative energy. (rN+)
You are resistant to electric shocks. (rElec)
You are resistant to unholy torment.
You are immune to petrification.


Message History

The gnoll is lightly wounded.
Unknown command.
Unknown command.
Unknown command.
Casting: Sandblast (safe; 2% risk of failure)
Confirm with . or Enter, or press ? or * to list all spells.
Aiming: Sandblast (safe; 2% risk of failure)
Press: ? - help, Shift-Dir - straight line, f/p - gnoll
Aim: a gnoll, wielding a +2 whip of distortion (lightly wounded, 85% to hit)
The blast of sand hits the gnoll.
The gnoll is heavily wounded.
A gnoll comes into view. It is wielding a +0 spear.
Unknown command.
The ball python closely misses you. The ball python misses you.
Casting: Sandblast (safe; 2% risk of failure)
Confirm with . or Enter, or press ? or * to list all spells.
Aiming: Sandblast (safe; 2% risk of failure)
Press: ? - help, Shift-Dir - straight line, f/p - gnoll
Aim: a gnoll, wielding a +2 whip of distortion (heavily wounded, 85% to hit)
The blast of sand hits the gnoll.
The gnoll is almost dead.
The ball python misses you. x2
The gnoll hits you with a +2 whip of distortion.
Space warps around you. The ball python barely misses you.
The ball python grabs you. The ball python constricts you.
The gnoll shouts!
You hit the ball python.
You kill the ball python!
The gnoll misses you.
The gnoll hits you with a +2 whip of distortion.
* * * LOW HITPOINT WARNING * * *
Space warps around you.
* * * LOW HITPOINT WARNING * * *
It was a potion of curing.
You feel better.
The gnoll hits you from afar with a +0 spear.
* * * LOW HITPOINT WARNING * * *
The gnoll hits you with a +2 whip of distortion.
* * * LOW HITPOINT WARNING * * *
Space warps around you.
You die...

#######.....#
#.......##### #.....###
#.....# #.....#
###.....# ## ........#
...# ###....†#######.
.....###########@.......
.....†..†..ggggg.######.
.....############# ...?
... .. #


You could see 4 gnolls and a goblin.

Vanquished Creatures
  2 adders
  2 dart slugs (D:1)
  8 ball pythons
  4 bats
  4 endoplasms
  4 goblins
  7 hobgoblins
  A quokka (D:2)
  3 frilled lizards
  3 kobolds
  6 rats
44 creatures vanquished.

Notes
Turn   | Place    | Note
-------+----------+-------------------------------------------
     0 | D:1      | funkygono the Gargoyle Earth Elementalist began the quest
                  | for the Orb.
     0 | D:1      | Reached XP level 1. HP: 10/10 MP: 3/3
    67 | D:1      | Reached skill level 4 in Earth Magic
    97 | D:1      | Reached XP level 2. HP: 15/15 MP: 3/5
   100 | D:1      | Learned a level 2 spell: Passwall
   854 | D:1      | Reached XP level 3. HP: 19/19 MP: 4/6
   858 | D:1      | Learned a level 3 spell: Stone Arrow
  1106 | D:1      | Found a faded altar of an unknown god.
  2160 | D:3      | Reached skill level 1 in Conjurations
  2216 | D:3      | Reached XP level 4. HP: 24/24 MP: 6/8
  2230 | D:3      | HP: 1/24 [gnoll/+2 whip of distortion (6)]
  2231 | D:3      | Slain by a gnoll

Illustrated notes

Levels and vault maps discovered:
D:1:      mrwooster_arrival_statue_2, layout_basic,
          shapermc_ecumenical_altar_hornbeckon
D:2:      layout_basic, minmay_misc_feat_hallway, minmay_misc_feat_roman,
          minmay_misc_feat_secret_circle
D:3:      layout_rooms, mainiacjoe_overflow_alcove_2, guppyfry_early_orc_mine

Skill      XL: |  1  2  3 |
---------------+----------+-----
Earth Magic    | 4 |  4.8
Conjurations   | 1 |  1.0
Dodging        | |  1.7
Stealth        | |  2.1
Spellcasting   | |  2.8
Transmutations | |  0.7

Action                   |  1- 3 |  4- 6 || total
-------------------------+-------+-------++-------
Melee: Club              |     4 |       ||     4
       Mace              |       |     1 ||     1
 Cast: Sandblast         |    49 |     7 ||    56
  Use: Potion            |       |     1 ||     1
Armor: Robe              |     1 |       ||     1
Dodge: Dodged            |    10 |    10 ||    20

Table legend: (Time is in decaauts)
 A = Elapsed time spent in this place.
 B = Non-inter-level travel time spent in this place.
 C = Inter-level travel time spent in this place.
 D = Time resting spent in this place.
 E = Time spent auto-exploring this place.
 F = Levels seen in this place.
 G = Mean time per level.
                   A        B        C        D        E       F      G
               +--------+--------+--------+--------+--------+-----+--------+
         Total |   2266 |   2111 |    155 |     15 |   1836 |   3 |  755.3 |
       Dungeon |   2266 |   2111 |    155 |     15 |   1836 |   3 |  755.3 |
               +--------+--------+--------+--------+--------+-----+--------+

Top non-repeatable levels by time:
     D:1: 1190 daAuts
     D:2: 998 daAuts
     D:3: 77 daAuts
